 Dungeon Crawl Stone Soup version 0.28-a0-1184-g53156a8862 (webtiles) character file.

Game seed: 6074324186765002839

248 siradein the Caller (level 5, 0/41 HPs)
             Began as a Minotaur Summoner on Dec 17, 2021.
             Slain by an ogre (4 damage)
             ... on level 4 of the Dungeon.
             The game lasted 00:09:47 (3524 turns).

siradein the Caller (Minotaur Summoner)             Turns: 3524, Time: 00:09:48

Health: 0/41       AC:  5    Str: 19    XL:     5   Next: 86%
Magic:  5/7        EV: 11    Int: 14    God:
Gold:   137        SH:  0    Dex: 10    Spells: 1/8 levels left

rFire   . . .      SeeInvis .   f - +0 trident
rCold   . . .      Faith    .   (no shield)
rNeg    . . .      Spirit   .   b - +0 ring mail
rPois   .          Reflect  .   (helmet restricted)
rElec   .          Harm     .   (no cloak)
rCorr   .          Rampage  .   (no gloves)
Will    .....                   (no boots)
Stlth   +.........              (no amulet)
HPRegen 0.13/turn               a - +6 ring of strength
MPRegen 0.10/turn               (no ring)

@: very slightly contaminated
A: horns 2, retaliatory headbutt
a: no special abilities


You were on level 4 of the Dungeon.
You visited 1 branch of the dungeon, and saw 4 of its levels.

You collected 137 gold pieces.

Inventory:

Hand Weapons
 f - a +0 trident (weapon)
Armour
 b - a +0 ring mail (worn)
Jewellery
 a - a +6 ring of strength (left hand)
 j - a ring of ice
Scrolls
 c - 3 scrolls of identify {unknown}
 d - a scroll of enchant armour {unknown}
 e - 2 scrolls of blinking {unknown}
 i - a scroll of immolation {unknown}
 k - a scroll of fog {unknown}
 m - a scroll of silence {unknown}
Potions
 g - a potion of attraction {unknown}
 h - a potion of brilliance {unknown}
 l - a potion of mutation {unknown}


   Skills:
 + Level 2.2 Fighting
 + Level 2.0 Polearms
 + Level 2.2 Armour
 + Level 3.5 Dodging
 - Level 1.5 Stealth
 + Level 2.2 Spellcasting
 + Level 3.5 Summonings
 + Level 0.5 Air Magic


You had one spell level left.
You knew the following spells:

 Your Spells              Type           Power      Damage    Failure   Level
a - Summon Small Mammal   Summ           44%        N/A       9%          1
b - Call Imp              Summ           11%        N/A       14%         2
c - Summon Lightning Spi  Summ/Air       7%         N/A       86%         4

Your spell library contained the following spells:

 Spells                   Type           Power      Damage    Failure   Level
 Foxfire                  Conj/Fire      4%         2x1d4     36%         1
 Magic Dart               Conj           4%         1d3       36%         1
 Call Canine Familiar     Summ           11%        N/A       26%         3
 Summon Guardian Golem    Hex/Summ       6%         N/A       50%         3
 Passwall                 Tmut/Erth      0%         N/A       52%         2
 Searing Ray              Conj           2%         2d4       52%         2
 Swiftness                Air            3%         N/A       67%         3
 Conjure Flame            Conj/Fire      1%         6-21      75%         3
 Inner Flame              Hex/Fire       1%         N/A       75%         3
 Flame Wave               Conj/Fire      1%         2d4       98%         4
 Fulminant Prism          Conj/Hex       0%         3d6       98%         4


Dungeon Overview and Level Annotations

Branches:
Dungeon (4/15)
 Temple: D:4-7

Altars:
Vehumet
Xom

Portals:
Sewer: D:4


Innate Abilities, Weirdness & Mutations

You have a pair of horns on your head.
You reflexively headbutt those who attack you in melee.


Message History

Reach: f) +0 trident
Press: ? - help, Dir - move target, f - river rat
Aim: a river rat (heavily wounded, ally target, about 48% to evade your +0 trident)
You reach to attack!
You barely miss the river rat.
The river rat is heavily wounded.
The river rat misses your crimson imp.
Your crimson imp barely misses the river rat.
Reach: f) +0 trident
Press: ? - help, Dir - move target, f/p - river rat
Aim: a river rat (heavily wounded, ally target, about 48% to evade your +0 trident)
You reach to attack!
You barely miss the river rat.
The river rat is heavily wounded.
The river rat closely misses your crimson imp.
Your crimson imp hits the river rat.
Reach: f) +0 trident
Press: ? - help, Dir - move target, f/p - river rat
Aim: a river rat (severely wounded, ally target, about 48% to evade your +0 trident)
You reach to attack!
You hit the river rat.
You kill the river rat!
Unknown command.
You swap places.
You see here a river rat corpse.
You see here a giant cockroach corpse.
You start resting.
Your crimson imp disappears in a puff of smoke!
You hear the rusting of a drain.
You start resting.
Magic restored.
An ogre comes into view. It is wielding a +0 giant spiked club.
You see here 2 atropa-tipped darts.
The ogre hits you with a +0 giant spiked club.
* * * LOW HITPOINT WARNING * * *
You see here 2 atropa-tipped darts.
Casting: Call Imp (safe; 14% risk of failure)
Confirm with . or Enter, or press ? or * to list all spells.
You miscast Call Imp.
You are very lightly contaminated with residual magic.
Nothing appears to happen.
The ogre hits you with a +0 giant spiked club.
You die...

.#####..###...........))...$...
#..............(......)...##...
#>.##..............##.....##... .
#...............#.##..##..†
#...###............####.... #.
#...# ###...#####..####.†.. #.#
#...######..####.....##....
#...##...##.....................
#...........?..@O......(.....#..
#...###.######.........###......#
## ##..# #........###≈....#..
#...## #..##.....###≈≈...#..
##....###.# ###.....#≈≈≈≈....
#.....##..# #.....#≈≈≈≈....
#......#.######....##∩≈≈≈≈.#.
##......††.........#########.
#..###............##


You could see an ogre.

Vanquished Creatures
  An ogre (D:3)
  A water moccasin skeleton (D:4)
  3 gnolls (D:4)
  An adder (D:3)
  A river rat (D:4)
  An adder skeleton (D:2)
  4 orcs (D:4)
  5 bats
  7 endoplasms
  5 giant cockroaches
  3 hobgoblins (D:1)
  3 jackals (D:1)
  A quokka (D:3)
  2 ball pythons
  4 frilled lizards
  2 goblins
  A kobold (D:1)
  6 rats
51 creatures vanquished.

Vanquished Creatures (collateral kills)
  An adder (D:3)
  An endoplasm (D:4)
  A giant cockroach (D:1)
3 creatures vanquished.

Grand Total: 54 creatures vanquished

Notes
Turn   | Place    | Note
-------+----------+-------------------------------------------
     0 | D:1      | siradein the Minotaur Summoner began the quest for the Orb.
     0 | D:1      | Reached XP level 1. HP: 14/14 MP: 1/1
   711 | D:1      | Reached XP level 2. HP: 20/20 MP: 3/3
  1586 | D:2      | Reached XP level 3. HP: 20/26 MP: 4/4
  1680 | D:2      | Learned a level 2 spell: Call Imp
  1939 | D:2      | Found a faded altar of an unknown god.
  2670 | D:3      | Found a radiant altar of Vehumet.
  2900 | D:3      | Noticed an ogre
  2913 | D:3      | Killed an ogre
  2914 | D:3      | Reached skill level 1 in Fighting
  2914 | D:3      | Reached skill level 1 in Polearms
  2914 | D:3      | Reached skill level 1 in Armour
  2914 | D:3      | Reached XP level 4. HP: 15/36 MP: 1/6
  2914 | D:3      | Reached XP level 5. HP: 17/41 MP: 1/7
  3110 | D:3      | Found a shimmering altar of Xom.
  3232 | D:3      | Learned a level 4 spell: Summon Lightning Spire
  3447 | D:4      | Found a glowing drain.
  3451 | D:4      | HP: 2/41 [river rat (7)]
  3509 | D:4      | Noticed an ogre
  3524 | D:4      | Slain by an ogre

Illustrated notes

Levels and vault maps discovered:
D:1:      dpeg_arrival_round_b, layout_basic
D:2:      layout_loops_ring, ebering_ecumenical_altar_petrified, serial_rivers,
          chequers_serial_rivers_marsh, chequers_serial_rivers_micro_d,
          chequers_serial_rivers_room_b, chequers_serial_rivers_room_a,
          chequers_serial_rivers_room_a, chequers_serial_rivers_small_3
D:3:      layout_loops_cross, mainiacjoe_overflow_tiny_flanked,
          mainiacjoe_overflow_alcove_4
D:4:      minmay_goblin_kobold_castle, layout_layer_cave, portal_sewer_entry_b

Skill      XL: |  1  2  3  4  5 |
---------------+----------------+-----
Summonings     | 3 |  3.5
Dodging        | 3 |  3.5
Fighting       | 1 2 |  2.2
Polearms       | 1 2 |  2.0
Armour         | 1 2 |  2.2
Spellcasting   | 2 |  2.2
Stealth        | |  1.5
Air Magic      | |  0.5

Action                   |  1- 3 |  4- 6 || total
-------------------------+-------+-------++-------
Melee: Unarmed           |    17 |       ||    17
       Club              |     9 |       ||     9
       Headbutt          |    11 |     4 ||    15
       Trident           |    50 |    41 ||    91
       Dagger            |    16 |       ||    16
 Cast: Summon Small Mamm |     1 |       ||     1
       Call Imp          |     3 |     2 ||     5
 Stab: Sleeping          |     2 |       ||     2
Armor: Ring mail         |    31 |    10 ||    41
Dodge: Dodged            |    53 |    27 ||    80

Table legend: (Time is in decaauts)
 A = Elapsed time spent in this place.
 B = Non-inter-level travel time spent in this place.
 C = Inter-level travel time spent in this place.
 D = Time resting spent in this place.
 E = Time spent auto-exploring this place.
 F = Levels seen in this place.
 G = Mean time per level.
                   A        B        C        D        E       F      G
               +--------+--------+--------+--------+--------+-----+--------+
         Total |   3552 |   3512 |     40 |    514 |   2488 |   4 |  888.0 |
       Dungeon |   3552 |   3512 |     40 |    514 |   2488 |   4 |  888.0 |
               +--------+--------+--------+--------+--------+-----+--------+

Top non-repeatable levels by time:
     D:1: 1585 daAuts
     D:3: 946 daAuts
     D:2: 796 daAuts
     D:4: 223 daAuts
